 Dungeon Crawl Stone Soup version 0.25-a0-730-g633e9c3c14 (webtiles) character file.

Game seed: 9786278061078805868, levelgen mode: deterministic

571 Lugonue the Stinger (level 7, -1/40 HPs)
             Began as a Tengu Venom Mage on Apr 7, 2020.
             Slain by Eustachio
             ... wielding a +1 rapier of electrocution
              (13 damage)
             ... on level 4 of the Dungeon.
             The game lasted 00:09:20 (4048 turns).

Lugonue the Stinger (Tengu Venom Mage)              Turns: 4048, Time: 00:09:21

Health: -1/40      AC:  9    Str: 11    XL:     7   Next: 34%
Magic:  2/13       EV: 13    Int: 15    God:
Gold:   119        SH:  0    Dex: 14    Spells: 10/13 levels left

rFire    . . .     SeeInvis .     - Unarmed
rCold    . . .     Gourm    .   (no shield)
rNeg     . . .     Faith    .   m - +0 ring mail
rPois    .         Spirit   .   (helmet restricted)
rElec    .         Reflect  .   h - +0 cloak (curse)
rCorr    .         Harm     .   i - +0 pair of gloves
MR       .....                  (boots unavailable)
Stlth    +.........             (no amulet)
HPRegen  0.13/turn              (no ring)
MPRegen  0.13/turn              (no ring)

@: very slightly contaminated, drained
A: beak, talons 3, repulsion field 1, thin metallic scales 1, able to fly
a: Fly


You were on level 4 of the Dungeon.
You were not hungry.

You visited 1 branch of the dungeon, and saw 4 of its levels.

You collected 119 gold pieces.

Inventory:

Armour
 a - a +0 robe
 h - a cursed +0 cloak (worn)
 i - a +0 pair of gloves (worn)
 m - a +0 ring mail (worn)
Jewellery
 o - an uncursed ring of protection from magic
Wands
 r - a wand of enslavement (5)
Scrolls
 f - 2 scrolls of teleportation
 j - 4 scrolls of remove curse
Potions
 b - a potion of mutation
 d - a potion of curing
 e - a potion of berserk rage {unknown}
 g - a potion of might {unknown}
 n - 2 potions of haste
 q - a potion of stabbing {unknown}
Comestibles
 c - 10 rations


   Skills:
 + Level 2.4(1.8) Fighting
 * Level 2.9(2.3) Armour
 + Level 3.0(2.4) Dodging
 + Level 2.6(2.0) Stealth
 + Level 2.4(1.8) Unarmed Combat
 + Level 3.5(2.9) Spellcasting
 - Level 0.7(0.1) Transmutations
 + Level 2.6(2.0) Air Magic
 + Level 4.5(3.9) Poison Magic


You had 10 spell levels left.
You knew the following spells:

 Your Spells              Type           Power        Failure   Level  Hunger
a - Sting                 Tmut/Pois      #...         21%         1    #......
b - Poisonous Vapours     Pois/Air       ##....       22%         2    ##.....

Your spell library contained the following spells:

 Spells                   Type           Power        Failure   Level  Hunger
 Mephitic Cloud           Conj/Pois/Air  #.......     54%         3    ###....
 Ignite Poison            Fire/Tmut/Pois #.......     63%         3    ###....
 Olgreb's Toxic Radiance  Pois           ##......     67%         4    #####..


Dungeon Overview and Level Annotations

Branches:
Dungeon (4/15)
 Temple: D:4-7

Altars:
Elyvilon

Annotations:
D:4 Eustachio


Innate Abilities, Weirdness & Mutations

You have a beak for a mouth.
You have claws for feet.
You can fly continuously.
You are surrounded by a mild repulsion field. (EV +2)
You are partially covered in thin metallic scales. (AC +2)


Message History

The shadow imp hits you but does no damage.
Casting: Poisonous Vapours (safe; 22% risk of failure)
Confirm with . or Enter, or press ? or * to list all spells.
Aiming: Sting (safe; 21% risk of failure)
Press: ? - help, Shift-Dir - straight line, f/p - Eustachio
Aim: Eustachio, wielding a +1 rapier of electrocution, wearing a +0 leather armour and carrying a wand of digging (5) (severely wounded, poisoned)
You miscast Sting.
Your vision is briefly tinged with green.
The iron imp summons a swarm of flies.
The iron imp closely misses you.
Eustachio screams, "At last I'll have my revenge!"
Eustachio hits you with a +1 rapier of electrocution.
* * * LOW HITPOINT WARNING * * *
The shadow imp hits you.
* * * LOW HITPOINT WARNING * * *
You feel better. The iron imp misses you.
Eustachio hits you with a +1 rapier of electrocution.
* * * LOW HITPOINT WARNING * * *
You are electrocuted!
You die...

.................... #.
...#..#.#######.....
#.#.#.#.............###
?..#...............#[#
.###.######.########.#..
...55.....#.########.#..
######5##.#.#........#..
#5#.#.#.#####..#..
#@5.#.#.# #..#..
#@#.#.#.# ##....
#.##..#.# #.... #.#
#.#.######.#.. #.#
#..........#.. #.#
#.#######..#.. #.#
#.#######..#.. #.#
#.#........#.#
###.###.#.#####..#..


You could see Eustachio, an iron imp and 2 shadow imps.

Vanquished Creatures
  Sigmund (D:4)
  Edmund (D:4)
  2 hounds (D:4)
  Crazy Yiuf (D:2)
  Jessica (D:2)
  An orc wizard (D:4)
  3 gnolls (D:2)
  A howler monkey skeleton (D:4)
  6 adders
  A worm (D:2)
  3 dart slugs
  3 leopard geckos
  7 orcs
  A ball python (D:4)
  4 giant cockroaches
  4 hobgoblins
  3 jackals (D:4)
  2 kobolds
  3 quokkas
  8 bats
  7 frilled lizards
  3 rats
66 creatures vanquished.

Notes
Turn   | Place    | Note
-------+----------+-------------------------------------------
     0 | D:1      | Lugonue the Tengu Venom Mage began the quest for the Orb.
     0 | D:1      | Reached XP level 1. HP: 10/10 MP: 4/4
   157 | D:1      | Reached XP level 2. HP: 12/16 MP: 3/6
   161 | D:1      | Learned a level 2 spell: Poisonous Vapours
   937 | D:2      | Reached skill level 1 in Fighting
  1003 | D:2      | Reached XP level 3. HP: 20/20 MP: 2/7
  1271 | D:2      | Reached skill level 1 in Air Magic
  1567 | D:2      | Reached skill level 1 in Armour
  1567 | D:2      | Reached XP level 4. HP: 25/25 MP: 0/8
  1878 | D:2      | Found a runed translucent door.
  1879 | D:2      | Noticed Crazy Yiuf
  2054 | D:2      | Noticed Jessica
  2059 | D:2      | Killed Jessica
  2059 | D:2      | Gained mutation: You can fly continuously. [Tengu growth]
  2059 | D:2      | Reached XP level 5. HP: 29/29 MP: 4/9
  2243 | D:2      | Killed Crazy Yiuf
  2243 | D:2      | Reached skill level 4 in Poison Magic
  2730 | D:3      | Found a white marble altar of Elyvilon.
  2818 | D:3      | Reached skill level 1 in Unarmed Combat
  3331 | D:3      | Gained mutation: You are partially covered in thin metallic
                  | scales. (AC +2) [potion of mutation]
  3331 | D:3      | Gained mutation: You are surrounded by a mild repulsion
                  | field. (EV +2) [potion of mutation]
  3509 | D:4      | Reached XP level 6. HP: 31/35 MP: 5/11
  3674 | D:4      | Noticed Sigmund
  3705 | D:4      | Killed Sigmund
  3705 | D:4      | Reached XP level 7. HP: 40/40 MP: 2/12
  3732 | D:4      | Noticed Edmund
  3746 | D:4      | Killed Edmund
  4029 | D:4      | Noticed Eustachio
  4048 | D:4      | Slain by Eustachio

Levels and vault maps discovered:
D:1:      minmay_arrival_up_and_down, layout_basic
D:2:      layout_rooms, minmay_misc_feat_more_columns, kennysheep_jessica_study,
          uniq_crazy_yiuf_cottage
D:3:      layout_basic, chequers_serial_rivers_small_b, kennysheep_flooded_box
D:4:      layout_basic, minmay_temple_entry_enclosed_plants, first_ration,
          sigmund_edmund_badplayer, uniq_ijyb, uniq_eustachio

Skill      XL: |  1  2  3  4  5  6  7 |
---------------+----------------------+-----
Fighting       | 1 2 |  2.4
Air Magic      | 1 2 |  2.6
Armour         | 1 2 |  2.9
Poison Magic   | 4 |  4.5
Unarmed Combat | 1 2 |  2.4
Spellcasting   | 3 |  3.5
Dodging        | 3 |  3.0
Stealth        | |  2.6
Transmutations | |  0.7

Action                   |  1- 3 |  4- 6 |  7- 9 || total
-------------------------+-------+-------+-------++-------
Melee: Unarmed           |    36 |   132 |    16 ||   184
       Kick              |     5 |    35 |     4 ||    44
       Peck              |     1 |    11 |     2 ||    14
       Punch             |       |       |     1 ||     1
 Cast: Sting             |    12 |     6 |     2 ||    20
       Poisonous Vapours |    18 |    27 |     7 ||    52
  Use: Scroll            |       |     7 |       ||     7
       Potion            |       |     3 |     1 ||     4
 Stab: Sleeping          |       |     1 |       ||     1
  Eat: Chunk             |     3 |     9 |     2 ||    14
Armor: Robe              |     4 |       |       ||     4
       Ring mail         |     8 |    60 |     5 ||    73
Dodge: Dodged            |    22 |    72 |    11 ||   105

Table legend:
 A = Non-vault XP
 B = Vault XP
 C = Vault XP percentage of total XP
 D = Non-vault monster count
 E = Vault monster count
 F = Vault count percentage of total count
                 A         B        C        D         E       F
            +---------+---------+-------+---------+---------+-------
      Total |     358 |     459 |  56.2 |      61 |       5 |   7.6
            +---------+---------+-------+---------+---------+-------
        D:1 |      20 |       0 |   0.0 |       9 |       0 |   0.0
        D:2 |     137 |      80 |  36.9 |      27 |       3 |  10.0
        D:3 |      45 |       0 |   0.0 |      13 |       0 |   0.0
        D:4 |     156 |     379 |  70.8 |      12 |       2 |  14.3
            +---------+---------+-------+---------+---------+-------
